 Dungeon Crawl Stone Soup version 0.25-a0-201-g0bb11aece9 (webtiles) character file.

Game seed: 14205262878780302470, levelgen mode: deterministic

164 Lanoc the Skirmisher (level 5, -1/42 HPs)
             Began as a Demonspawn Abyssal Knight on Dec 2, 2019.
             Was a Priest of Lugonu.
             Killed from afar by an orc wizard (9 damage)
             ... with a magic dart
             ... on level 4 of the Dungeon.
             The game lasted 00:05:28 (2914 turns).

Lanoc the Skirmisher (Demonspawn Abyssal Knight)    Turns: 2914, Time: 00:05:29

Health: -1/42      AC:  5    Str: 17    XL:     5   Next: 21%
Magic:  7/7        EV: 12    Int: 15    God:    Lugonu [***...]
Gold:   126        SH:  0    Dex: 12    Spells: 4/4 levels left

rFire    . . .     SeeInvis .   a - +1 spear
rCold    . . .     Gourm    .   (no shield)
rNeg     . . .     Faith    .   b - +0 leather armour
rPois    .         Spirit   .   (no helmet)
rElec    .         Reflect  .   (no cloak)
rCorr    .         Harm     .   (no gloves)
MR       .....                  (no boots)
Stlth    +.........             (no amulet)
HPRegen  0.14/turn              q - +5 ring of strength
MPRegen  0.10/turn              (no ring)

@: no status effects
A: talons 2, yellow scales 1, clever 1, clumsy 1
a: Depart the Abyss, Bend Space, Banish, Renounce Religion


You were on level 4 of the Dungeon.
You worshipped Lugonu.
Lugonu was most pleased with you.
You were hungry.

You visited 1 branch of the dungeon, and saw 4 of its levels.
You visited the Abyss 1 time.

You collected 126 gold pieces.

Inventory:

Hand Weapons
 a - a +1 spear (weapon)
 l - a +0 halberd
Missiles
 d - 30 stones (quivered)
 m - 18 sling bullets
Armour
 b - a +0 leather armour (worn)
 e - a +0 plate armour
Jewellery
 q - a +5 ring of strength (left hand)
Scrolls
 f - 6 scrolls of identify {unknown}
 h - 3 scrolls of remove curse {unknown}
 i - 2 scrolls of enchant armour {unknown}
 k - a scroll of teleportation {unknown}
 o - 2 scrolls of amnesia {unknown}
Potions
 g - a potion of invisibility {unknown}
 j - a potion of berserk rage {unknown}
 n - a potion of flight {unknown}
 p - a potion of brilliance {unknown}
Comestibles
 c - 10 rations


   Skills:
 + Level 3.6 Fighting
 * Level 3.1 Polearms
 + Level 2.6 Armour
 + Level 1.9 Dodging
 + Level 3.5 Invocations


You had 4 spell levels left.
You didn't know any spells.
Your spell library was empty.

Dungeon Overview and Level Annotations

Branches:
Dungeon (4/15)
 Temple: D:4-7

Altars:
Zin


Innate Abilities, Weirdness & Mutations

You have razor-sharp toenails.
You are partially covered in yellow scales. (AC +2)
Your mind is acute. (Int +2)
You are clumsy. (Dex -2)


Message History

The jackal is severely wounded.
The jackal barely misses you.
You hit the jackal.
You kill the jackal!
Lugonu accepts your kill.
You barely miss the orc wizard.
The orc wizard hits you but does no damage. x2
You hit the orc wizard but do no damage.
The orc wizard closely misses you.
You closely miss the orc wizard.
The orc wizard casts a spell.
The orc wizard blinks!
The orc wizard gestures at you while chanting.
The magic dart hits you.
* * * LOW HITPOINT WARNING * * *
The orc wizard is no longer moving quickly.
You see here a jackal corpse.
The orc wizard points at you and mumbles some strange words.
The magic dart hits you!
You die...

## # #####.#.#
##.......##
#####.o.#......
#..†@.........#
#.###..<#$## #>
###...# #.
#..## #. #..#
#. #### ##


You could see an orc wizard.

Vanquished Creatures
  Jessica (D:3)
  4 adders (D:2)
  2 gnolls
  An ooze (D:2)
  4 worms (D:2)
  A dart slug (D:2)
  3 leopard geckos
  6 bats
  3 giant cockroaches
  7 goblins
  7 hobgoblins
  6 jackals
  A ball python (D:1)
  4 frilled lizards
  6 kobolds
  9 rats
65 creatures vanquished.

Notes
Turn   | Place    | Note
-------+----------+-------------------------------------------
     0 | Abyss:1  | Lanoc the Demonspawn Abyssal Knight began the quest for the
                  | Orb.
     0 | Abyss:1  | Reached XP level 1. HP: 18/18 MP: 2/2
    12 | D:1      | Escaped the Abyss
    70 | D:1      | Reached skill level 1 in Dodging
   348 | D:1      | Gained mutation: You are clumsy. (Dex -2) [potion of
                  | mutation]
   348 | D:1      | Gained mutation: Your mind is acute. (Int +2) [potion of
                  | mutation]
   357 | D:1      | Gained mutation: You are partially covered in yellow
                  | scales. (AC +2) [demonic ancestry]
   357 | D:1      | Reached XP level 2. HP: 2/24 MP: 3/3
   754 | D:1      | Reached ** piety under Lugonu
   929 | D:1      | Gained mutation: You have sharp toenails. [demonic
                  | ancestry]
   929 | D:1      | Reached XP level 3. HP: 29/29 MP: 5/5
  1810 | D:2      | Reached XP level 4. HP: 16/35 MP: 6/6
  2455 | D:2      | Reached *** piety under Lugonu
  2631 | D:3      | Noticed Jessica
  2640 | D:3      | Killed Jessica
  2640 | D:3      | Gained mutation: You have razor-sharp toenails. [demonic
                  | ancestry]
  2640 | D:3      | Reached XP level 5. HP: 38/42 MP: 7/7
  2663 | D:3      | Found a glowing silver altar of Zin.
  2914 | D:4      | Killed from afar by an orc wizard

Levels and vault maps discovered:
D:1:      saegor_arrival_simple_d, layout_loops_ring
D:2:      layout_basic, first_ration
D:3:      layout_basic, zin_academy, uniq_jessica
D:4:      layout_rooms, lemuel_coloured_pillars_altar,
          minmay_temple_entry_junction_2, uniq_grinder, uniq_eustachio,
          uniq_robin

Skill      XL: |  1  2  3  4 |
---------------+-------------+-----
Dodging        | 1 |  1.9
Polearms       | 2 3 |  3.1
Armour         | 2 |  2.6
Invocations    | 3 |  3.5
Fighting       | |  3.6

Action                   |  1- 3 |  4- 6 || total
-------------------------+-------+-------++-------
Melee: Spear             |   195 |   101 ||   296
       Kick              |    12 |    17 ||    29
  Use: Potion            |     1 |       ||     1
  Eat: Chunk             |     3 |     3 ||     6
Armor: Leather armour    |    43 |    26 ||    69
Dodge: Dodged            |    70 |    46 ||   116

Table legend:
 A = Non-vault XP
 B = Vault XP
 C = Vault XP percentage of total XP
 D = Non-vault monster count
 E = Vault monster count
 F = Vault count percentage of total count
                 A         B        C        D         E       F
            +---------+---------+-------+---------+---------+-------
      Total |     198 |      37 |  15.7 |      64 |       1 |   1.5
            +---------+---------+-------+---------+---------+-------
        D:1 |      58 |       0 |   0.0 |      29 |       0 |   0.0
        D:2 |     133 |       0 |   0.0 |      31 |       0 |   0.0
        D:3 |       1 |      37 |  97.4 |       1 |       1 |  50.0
        D:4 |       6 |       0 |   0.0 |       3 |       0 |   0.0
            +---------+---------+-------+---------+---------+-------
